 Dungeon Sprint DCSS version 0.22-a0-580-gd5db89c (webtiles) character file.

38 Kidiri the Grave Robber (level 3, -4/28 HPs)
             Began as a Deep Dwarf Necromancer on July 3, 2018.
             Killed from afar by a wizard (11 damage)
             ... with a stone arrow
             ... in the Dungeon (Sprint III: "The Ten Rune Challenge").
             The game lasted 00:04:45 (682 turns).

Kidiri the Grave Robber (Deep Dwarf Necromancer)     Turns: 682, Time: 00:04:45

Health: -4/28      AC:  2    Str: 15    XL:     3   Next: 25%
Magic:  2/9        EV: 12    Int: 16    God:
Gold:   25         SH:  0    Dex: 13    Spells: 6/11 levels left

rFire    . . .     SeeInvis .   (no weapon)
rCold    . . .     Gourm    .   (no shield)
rNeg     . . .     Faith    .   a - +0 robe
rPois    .         Spirit   .   (helmet restricted)
rElec    .         Reflect  .   (no cloak)
rCorr    .         Harm     .   (no gloves)
MR       .....     NoTele   +   (no boots)
Stlth    ++........             (no amulet)
HPRegen  0.00/turn              (no ring)
MPRegen  0.11/turn              (no ring)

@: non-regenerating
A: damage resistance, heal wounds, antennae 2, sense surroundings 1, strong 2,
no regeneration
a: Heal Wounds


You were in the Dungeon.
You were not hungry.

You visited 1 branch You collected 25 gold pieces.

Inventory:

Armour
 a - a +0 robe (worn)
Scrolls
 e - a scroll of torment
 h - 2 scrolls of remove curse
 j - a scroll of identify
 l - a scroll of immolation
Potions
 f - a potion of haste
 g - 2 potions of magic
 k - 2 potions of flight
Comestibles
 c - 3 rations


   Skills:
 - Level 2.1 Dodging
 * Level 2.4 Stealth
 * Level 4.7 Spellcasting
 + Level 6.0 Necromancy


You had 6 spell levels left.
You knew the following spells:

 Your Spells              Type           Power        Failure   Level  Hunger
a - Pain                  Necr           ###.         1%          1    None
b - Animate Skeleton      Necr           N/A          1%          1    None
c - Vampiric Draining     Necr           ###.......   4%          3    ###....

Your spell library contained the following spells:

 Spells                   Type           Power        Failure   Level  Hunger
 Animate Dead             Necr           N/A          13%         4    ####...
 Regeneration             Chrm/Necr      ##........   14%         3    ###....


Dungeon Overview and Level Annotations

Branches:
Dungeon (1/1)

Altars:
Kikubaaqudgha
Sif Muna
Vehumet


Innate Abilities, Weirdness & Mutations

You are resistant to damage.
You can heal yourself by infusing magical energy.
You passively map a small area around you.
You do not regenerate.
You have a pair of antennae on your head.
Your muscles are very strong. (Str +4)


Message History

A kobold demonologist comes into view. It is wielding a dagger.
Casting: Pain (safe; 1% risk of failure)
Confirm with . or Enter, or press ? or * to list all spells.
Aiming: Pain (safe; 1% risk of failure)
Press: ? - help, Shift-Dir - straight line, f/p - wizard
Aim: a wizard, wielding a dagger and wearing a robe (lightly wounded, chance to defeat MR: 51%)
The wizard resists with significant effort.
The wizard casts a spell.
The wizard flickers and vanishes!
Deactivating autopickup; reactivate with Ctrl-A.
Casting: Pain (safe; 1% risk of failure)
Confirm with . or Enter, or press ? or * to list all spells.
Aiming: Pain (safe; 1% risk of failure)
Press: ? - help, Shift-Dir - straight line, f - kobold demonologist
Aim: a kobold demonologist, wielding a dagger and wearing a robe (chance to defeat MR: 69%) Nothing appears to happen.
You hear some strange, mumbled words.
A stone arrow appears from out of thin air!
The stone arrow hits you!
You die...

.#...#### ##.# ** **
.#......#####..#_ { _ *
##.......#..#..#{ *__{ {_
.##.##...#..#..###+#+###+##
Z##.###..##+#..#..........#
####.##..###...+.⌠........#
##..##..####...#...######+#,
Z...##..###....#.⌠.# { {
#..##...##.....#@..#{ *, *
,, ..##....#....{.#{### _
.###..##.#.....#.K _ + * .#
#..#####....#___ ▓▓*▓▓▓▓
*▓▓▓▓▓▓▓▓▓▓ * * ≈ ≈≈ , , , ≈
, ,* ≈ ≈ * ≈ + ≈ , ≈ ≈ ≈ ≈ ≈
* *


You could see a kobold demonologist.

Vanquished Creatures
  A human (D)
  A wolf (D)
  An ooze (D)
  3 rats (D)
6 creatures vanquished.

Vanquished Creatures (others)
  2 draconian scorchers (D)
  6 hellions (D)
  2 yaktaurs (D)
  4 plants (D)
14 creatures vanquished.

Grand Total: 20 creatures vanquished

Notes
Turn   | Place    | Note
-------+----------+-------------------------------------------
     0 | D        | Kidiri the Deep Dwarf Necromancer began the quest for the Orb.
     0 | D        | Reached XP level 1. HP: 15/15 MP: 3/3
     2 | D        | Learned a level 1 spell: Animate Skeleton
    18 | D        | Killed a yaktaur
    74 | D        | Reached skill level 5 in Necromancy
    82 | D        | Killed a yaktaur
   126 | D        | Killed a hellion
   136 | D        | Killed a hellion
   136 | D        | Killed a hellion
   144 | D        | Killed a hellion
   147 | D        | Killed a hellion
   156 | D        | Reached XP level 2. HP: 22/22 MP: 1/7
   183 | D        | Killed a hellion
   227 | D        | Killed a white draconian scorcher
   252 | D        | Killed a white draconian scorcher
   324 | D        | Reached skill level 6 in Necromancy
   324 | D        | Reached XP level 3. HP: 15/28 MP: 3/9
   329 | D        | Learned a level 3 spell: Vampiric Draining
   349 | D        | Gained mutation: Armour fits poorly on your strangely shaped body. [potion of mutation]
   349 | D        | Gained mutation: You have sharp toenails. [potion of mutation]
   349 | D        | Gained mutation: You have an increased reservoir of magic. (+10% MP) [potion of mutation]
   350 | D        | Lost mutation: You have sharp toenails. [potion of mutation]
   350 | D        | Lost mutation: Armour fits poorly on your strangely shaped body. [potion of mutation]
   350 | D        | Lost mutation: You have an increased reservoir of magic. (+10% MP) [potion of mutation]
   350 | D        | Gained mutation: You are agile. (Dex +2) [potion of mutation]
   350 | D        | Gained mutation: Your mind is acute. (Int +2) [potion of mutation]
   350 | D        | Gained mutation: You expend magic power (3 MP) to strengthen your wands. [potion of mutation]
   573 | D        | Noticed a water elemental
   657 | D        | Lost mutation: Your mind is acute. (Int +2) [potion of mutation]
   657 | D        | Lost mutation: You are agile. (Dex +2) [potion of mutation]
   657 | D        | Gained mutation: You have a pair of small antennae on your head. [potion of mutation]
   657 | D        | Gained mutation: Your spells are a little harder to cast, but a little more powerful. [potion of mutation]
   657 | D        | Gained mutation: You are agile. (Dex +2) [potion of mutation]
   658 | D        | Lost mutation: You are agile. (Dex +2) [potion of mutation]
   658 | D        | Lost mutation: You expend magic power (3 MP) to strengthen your wands. [potion of mutation]
   658 | D        | Lost mutation: Your spells are a little harder to cast, but a little more powerful. [potion of mutation]
   658 | D        | Gained mutation: Scrolls take you a little longer to read. [potion of mutation]
   658 | D        | Lost mutation: Scrolls take you a little longer to read. [potion of mutation]
   658 | D        | Gained mutation: You are weak. (Str -2) [potion of mutation]
   658 | D        | Gained mutation: You expend magic power (3 MP) to strengthen your wands. [potion of mutation]
   659 | D        | Lost mutation: You expend magic power (3 MP) to strengthen your wands. [potion of mutation]
   659 | D        | Lost mutation: You are weak. (Str -2) [potion of mutation]
   659 | D        | Gained mutation: Your muscles are strong. (Str +2) [potion of mutation]
   659 | D        | Gained mutation: Your muscles are very strong. (Str +4) [potion of mutation]
   659 | D        | Gained mutation: You have a pair of antennae on your head. [potion of mutation]
   677 | D        | Found a radiant altar of Vehumet.
   678 | D        | Found a deep blue altar of Sif Muna.
   678 | D        | Found an ancient bone altar of Kikubaaqudgha.
   678 | D        | Noticed a wizard
   682 | D        | Killed from afar by a wizard

Vault maps used:
D:        dungeon_sprint_mu

Skill      XL: |  1  2 |
---------------+-------+-----
Spellcasting   | 4 |  4.7
Necromancy     | 5 6 |  6.0
Dodging        | |  2.1
Stealth        | |  2.4

Action                   || total
-------------------------++-------
Melee: Unarmed           ||    12
 Cast: Pain              ||    19
       Animate Skeleton  ||     4
       Vampiric Draining ||     1
  Use: Potion            ||     8
       Scroll            ||     5
Armor: Robe              ||     3
Dodge: Dodged            ||    14

Table legend:
 A = Spawn XP
 B = Non-spawn XP
 C = Spawn XP percentage of total XP
 D = Spawn monster count
 E = Non-spawn monster count
 F = Spawn count percentage of total count
 G = Total turns spent on level
                    A         B        C        D         E        F      G
               +---------+---------+-------+---------+---------+-------+---------
         Total |       0 |      55 |   0.0 |       0 |       6 |   0.0 |   682
               +---------+---------+-------+---------+---------+-------+---------
             D |       0 |      55 |   0.0 |       0 |       6 |   0.0 |   682
               +---------+---------+-------+---------+---------+-------+---------
